 Dungeon Crawl Stone Soup version 0.26.1-11-gd32895ea62 (webtiles) character file.

Game seed: 11751984555098394933

60 H0rd4k the Insei (level 4, -1/28 HPs)
             Began as an Octopode Transmuter on May 26, 2021.
             Killed from afar by a dart slug (5 damage)
             ... with a slug dart
             ... on level 2 of the Dungeon.
             The game lasted 00:00:42 (893 turns).

H0rd4k the Insei (Octopode Transmuter)               Turns: 893, Time: 00:00:42

Health: -1/28      AC:  1    Str:  9    XL:     4   Next: 4%
Magic:  6/8        EV: 13    Int: 16    God:
Gold:   0          SH:  0    Dex: 12    Spells: 7/8 levels left

rFire    . . .     SeeInvis .     - Unarmed
rCold    . . .     Faith    .   (no shield)
rNeg     . . .     Spirit   .   (helmet restricted)
rPois    .         Reflect  .   (no amulet)
rElec    .         Harm     .   (no ring)
rCorr    .         Rampage  .   (no ring)
Will     .....                  (no ring)
Stlth    ++........             (no ring)
HPRegen  0.09/turn              (no ring)
MPRegen  0.11/turn              (no ring)
                                (no ring)
                                (no ring)

@: flying
A: almost no armour, stealthy swim, amphibious, 8 rings, constrict 8, camouflage
1, gelatinous body 1
a: no special abilities


You were on level 2 of the Dungeon.
You visited 1 branch of the dungeon, and saw 2 of its levels.

Inventory:

Potions
 b - a potion of curing {unknown}


   Skills:
 + Level 1.0 Fighting
 + Level 2.5 Dodging
 + Level 0.4 Stealth
 + Level 3.8 Unarmed Combat
 + Level 2.7 Spellcasting
 + Level 2.1 Transmutations


You had 7 spell levels left.
You knew the following spells:

 Your Spells              Type           Power        Failure   Level
a - Beastly Appendage     Tmut           16%          9%          1

Your spell library contained the following spells:

 Spells                   Type           Power        Failure   Level
 Wereblood                Tmut           8%           12%         2
 Spider Form              Tmut/Pois      2%           36%         3
 Ice Form                 Ice/Tmut       5%           77%         4
 Blade Hands              Tmut           4%           92%         5


Dungeon Overview and Level Annotations

Branches:
Dungeon (1/15)

Altars:
Sif Muna


Innate Abilities, Weirdness & Mutations

You cannot wear most types of armour.
You are very stealthy in the water. (Stealth+)
You are amphibious.
You can wear up to eight rings at the same time.
You can use your tentacles to constrict eight enemies at once.
Your skin changes colour to match your surroundings (Stealth+).
Your rubbery body absorbs attacks. (AC +1, EV +1)


Message History

You constrict the orc wizard, but do no damage.
The orc wizard looks satisfied for a moment.
You tentacle-slap the orc wizard.
The orc wizard is almost dead.
You constrict the orc wizard. The orc wizard closely misses you.
You tentacle-slap the orc wizard.
You kill the orc wizard!
You hear some strange, mumbled words.
A puff of frost appears from out of thin air!
The puff of frost hits you.
* * * LOW HITPOINT WARNING * * *
You have reached level 4!
You tentacle-slap something. Something hits you but does no damage.
You aren't carrying any items that you can evoke.
It was a potion of flight.
You feel very buoyant.
You fly up into the air.
Something hits you but does no damage. The dart slug launches a dart at you.
The slug dart hits you.
You die...

....†.................'.###
.......)..............###.##
#>........†................#
#.......##.....##########..##
#.....>..#.#####....†.......#
#..........# #......######.#
#.#.....#### #......# ...
#.#.....# #......# #..#
#.#.....# ##@##### .... #.#
#)# ..... #.#### #w# ....
.....# .r. #.##.# ... #.##.#
..... #.##.# ..... #.##.#
....... #.##.#


You could see a dart slug and a rat.

Vanquished Creatures
  An orc wizard (D:2)
  2 dart slugs
  A leopard gecko (D:2)
  An orc (D:2)
  5 goblins
  3 hobgoblins
  3 jackals (D:1)
  3 bats
  3 kobolds (D:1)
  5 rats
27 creatures vanquished.

Notes
Turn   | Place    | Note
-------+----------+-------------------------------------------
     0 | D:1      | H0rd4k the Octopode Transmuter began the quest for the Orb.
     0 | D:1      | Reached XP level 1. HP: 13/13 MP: 3/3
   242 | D:1      | Reached XP level 2. HP: 7/18 MP: 5/5
   551 | D:1      | You fall into a shaft and drop 1 floor!
   589 | D:2      | Reached XP level 3. HP: 23/23 MP: 6/6
   641 | D:2      | Found a shimmering blue altar of Sif Muna.
   892 | D:2      | Reached XP level 4. HP: 4/28 MP: 6/8
   893 | D:2      | Killed from afar by a dart slug

Illustrated notes

Levels and vault maps discovered:
D:1:      dpeg_arrival_round_b, layout_basic
D:2:      cheibrodos_greedy_goblins, layout_basic, dk_vineyard_1, led_sif_pool

Action                   |  1- 3 |  4- 6 || total
-------------------------+-------+-------++-------
Melee: Unarmed           |    78 |     1 ||    79
       Constrict         |    23 |       ||    23
       Tentacles         |     7 |       ||     7
       Punch             |     4 |       ||     4
  Use: Potion            |       |     1 ||     1
 Stab: Sleeping          |     2 |       ||     2
Armor: Skin              |     9 |       ||     9
Dodge: Dodged            |    58 |       ||    58
